 Dungeon Crawl Stone Soup version 0.19.1-1-g22dce08 (webtiles) character file.

78 McKennaii the Gusty (level 4, 0/27 HPs)
             Began as a High Elf Air Elementalist on Jan 7, 2017.
             Killed from afar by an orc wizard (10 damage)
             ... with a puff of frost
             ... on level 3 of the Dungeon.
             The game lasted 00:03:35 (1678 turns).

McKennaii the Gusty (High Elf Air Elementalist)     Turns: 1678, Time: 00:03:36

Health: 0/27       AC:  2    Str:  7    XL:     4   Next: 15%
Magic:  0/9        EV: 13    Int: 20    God:
Gold:   179        SH:  0    Dex: 15    Spells: 3 memorised, 4 levels left

rFire  . . .     SeeInvis .     (no weapon)
rCold  . . .     Gourm    .     a - +0 robe
rNeg   . . .     Faith    .     (no shield)
rPois  .         Spirit   .     (no helmet)
rElec  .         Reflect  .     (no cloak)
rCorr  .         Harm     .     (no gloves)
MR     .....                    (no boots)
Stlth  ++........               (no amulet)
                                (no ring)
                                (no ring)

@: no status effects
A: no striking features
a: no special abilities


You were on level 3 of the Dungeon.
You were full.

You visited 1 branch of the dungeon, and saw 3 of its levels.

You collected 179 gold pieces.

Inventory:

Armour
 a - a +0 robe (worn)
Wands
 p - a wand of lightning (9/15)
Scrolls
 d - a scroll of magic mapping {unknown}
 e - 4 scrolls of identify {unknown}
 g - a scroll of teleportation {unknown}
 h - a scroll of enchant armour {unknown}
 i - 2 scrolls of remove curse {unknown}
 q - a scroll of fear {unknown}
Potions
 f - 2 potions of lignification {unknown}
 j - a potion of heal wounds {unknown}
 l - a potion of flight {unknown}
 m - a potion of mutation {unknown}
 o - 3 potions of degeneration {unknown}
Books
 b - a book of Air

   Spells                             Type                      Level
   a - Shock                          Conjuration/Air              1
   b - Swiftness                      Charms/Air                   2
   c - Repel Missiles                 Charms/Air                   2
   d - Static Discharge               Conjuration/Air              3
   e - Lightning Bolt                 Conjuration/Air              5
Comestibles
 c - 3 bread rations
 k - 3 slices of pizza


   Skills:
 + Level 2.7 Dodging
 + Level 2.3 Stealth
 + Level 0.1 Unarmed Combat
 + Level 3.3 Spellcasting
 + Level 2.0 Conjurations
 + Level 4.6 Air Magic


You had 4 spell levels left.
You knew the following spells:

 Your Spells              Type           Power        Failure   Level  Hunger
a - Shock                 Conj/Air       ###.         3%          1    None
b - Swiftness             Chrm/Air       ##......     10%         2    ##.....
c - Repel Missiles        Chrm/Air       ##....       10%         2    ##.....


Dungeon Overview and Level Annotations

Branches:
Dungeon (3/15)

Altars:
Gozag


Message History

The orc wizard barely misses you.
You see here a kobold corpse.
The orc wizard casts a spell.
The orc wizard gestures at you while chanting.
The puff of frost hits you! The orc wizard closely misses you.
Casting: Shock
Confirm with . or Enter, or press ? or * to list all spells.
Aiming: Shock
Press: ? - help, Shift-Dir - straight line The zap hits the orc wizard.
The orc wizard is almost dead.
The zap misses the orc wizard.
The orc wizard hits you but does no damage.
A hobgoblin and an orc come into view.
The hobgoblin shouts!
The orc shouts!
The orc wizard misses you.
The orc wizard gestures at you while chanting.
The puff of frost hits you!
You die...

#####....######.#...#
#....# #†#...# #....#
#.#o..# #....#
#.#...# # # ######
#.##o##.## #
#o##g......# #
#.o..##.##.# # ##...#
# # #@..# # #...# #
#...# # #...# # #...#
# ##... # ...# # ...#
#


You could see an orc wizard, 2 orcs and a hobgoblin.

Vanquished Creatures
  4 adders
  3 leopard geckos
  6 bats
  2 giant cockroaches
  6 goblins
  4 hobgoblins
  A ball python (D:1)
  6 frilled lizards
  6 kobolds
  3 rats
41 creatures vanquished.

Notes
Turn   | Place    | Note
-------+----------+-------------------------------------------
     0 | D:1      | McKennaii the High Elf Air Elementalist began the quest for the Orb.
     0 | D:1      | Reached XP level 1. HP: 11/11 MP: 4/4
   283 | D:1      | Reached XP level 2. HP: 11/17 MP: 2/6
   510 | D:1      | Reached skill level 4 in Air Magic
   734 | D:1      | Learned a level 2 spell: Swiftness
   737 | D:1      | Learned a level 2 spell: Repel Missiles
   790 | D:2      | Reached XP level 3. HP: 21/21 MP: 4/8
  1464 | D:3      | Reached XP level 4. HP: 13/27 MP: 3/9
  1593 | D:3      | Found an opulent altar of Gozag.
  1678 | D:3      | Killed from afar by an orc wizard

Skill      XL: |  1  2  3  4 |
---------------+-------------+-----
Air Magic      | 4 |  4.6
Spellcasting   | 3 |  3.3
Conjurations   | 2 |  2.0
Dodging        | |  2.7
Stealth        | |  2.3
Unarmed Combat | |  0.1

Action                   |  1- 3 |  4- 6 || total
-------------------------+-------+-------++-------
Melee: Unarmed           |    23 |     2 ||    25
 Cast: Shock             |    69 |    17 ||    86
 Stab: Distracted        |     1 |       ||     1
  Eat: Fruit             |       |     4 ||     4
       Beef jerky        |       |     2 ||     2
Armor: Robe              |     2 |       ||     2
Dodge: Dodged            |    26 |     5 ||    31
